 Dungeon Crawl Stone Soup version 0.27-a0-1144-g0b7d3b79db (webtiles) character file.

Game seed: 17381245015623883473

2664 leviel the Cleaver (level 9, -3/80 HPs)
             Began as a Minotaur Fighter on May 10, 2021.
             Was an Initiate of Gozag.
             Slain by an orc warrior
             ... wielding a +0 glaive
              (21 damage)
             ... on level 8 of the Dungeon.
             The game lasted 00:11:04 (6701 turns).

leviel the Cleaver (Minotaur Fighter)               Turns: 6701, Time: 00:11:05

Health: -3/80      AC: 10    Str: 23    XL:     9   Next: 36%
Magic:  8/8        EV:  8    Int:  5    God:    Gozag
Gold:   500        SH: 11    Dex: 11    Spells: 8/8 levels left

rFire    + . .     SeeInvis .   a - +0 war axe (freeze)
rCold    . . .     Faith    .   c - +0 kite shield
rNeg     . . .     Spirit   .   b - +0 scale mail
rPois    .         Reflect  .   (helmet restricted)
rElec    .         Harm     .   (no cloak)
rCorr    .         Rampage  .   (no gloves)
Will     .....                  s - +1 pair of boots
Stlth    ..........             (no amulet)
HPRegen  0.23/turn              x - ring of protection from fire
MPRegen  0.11/turn              (no ring)

@: silenced
A: horns 2, retaliatory headbutt
a: Renounce Religion


You were on level 8 of the Dungeon.
You worshipped Gozag.
Gozag was pleased with you.
You visited 2 branches of the dungeon, and saw 8 of its levels.

You collected 542 gold pieces.
You paid 42 gold pieces to Gozag.

Inventory:

Hand Weapons
 a - a +0 war axe of freezing (weapon)
Missiles
 g - a throwing net (quivered)
 t - a curare-tipped dart
Armour
 b - a +0 scale mail (worn)
 c - a +0 kite shield (worn)
 s - a +1 pair of boots (worn)
Jewellery
 x - a ring of protection from fire (left hand)
Wands
 w - a wand of charming (5)
Scrolls
 l - 2 scrolls of fear {unknown}
 m - 2 scrolls of torment {unknown}
 o - 3 scrolls of silence
 p - 3 scrolls of identify {unknown}
 q - a scroll of enchant weapon {unknown}
 r - 3 scrolls of enchant armour {unknown}
 y - a scroll of teleportation {unknown}
 z - 2 scrolls of blinking {unknown}
 B - a scroll of noise {unknown}
Potions
 d - a potion of might
 e - a potion of mutation {unknown}
 h - 3 potions of flight {unknown}
 i - a potion of lignification {unknown}
 j - 5 potions of curing {unknown}
 k - 2 potions of brilliance {unknown}
 n - a potion of heal wounds
 u - 4 potions of resistance {unknown}
 v - 2 potions of haste {unknown}
 A - a potion of attraction {unknown}
 C - a potion of berserk rage {unknown}


   Skills:
 + Level 7.7 Fighting
 * Level 10.0 Axes
 + Level 7.8 Armour
 + Level 7.8 Shields


You had 8 spell levels left.
You didn't know any spells.
Your spell library contained the following spells:

 Spells                   Type           Power      Damage    Failure   Level
 Animate Skeleton         Necr           0%         N/A       97%         1
 Apportation              Tloc           0%         N/A       97%         1
 Corona                   Hex            0%         N/A       97%         1
 Foxfire                  Conj/Fire      0%         2x1d4     97%         1
 Summon Small Mammal      Summ           0%         N/A       97%         1
 Conjure Flame            Conj/Fire      0%         6-21      100%        3
 Inner Flame              Hex/Fire       0%         N/A       100%        3
 Sticky Flame             Conj/Fire      0%         2d3       100%        4
 Bolt of Magma            Conj/Fire/Erth 0%         4d4       100%        5
 Fireball                 Conj/Fire      0%         3d3       100%        5
 Iskenderun's Battlesphe  Conj           0%         2d6       100%        5
 Iron Shot                Conj/Erth      0%         9d1       100%        6
 Orb of Destruction       Conj           0%         N/A       100%        7
 Spellforged Servitor     Conj/Summ      0%         N/A       100%        7


Dungeon Overview and Level Annotations

Branches:
Dungeon (6/15)             Temple (1/1) D:4            Lair (0/6) D:8

Altars:
Ashenzari
Cheibriados
Elyvilon
Fedhas
Gozag
Hepliaklqana
Kikubaaqudgha
Makhleb
Nemelex Xobeh
Okawaru
Ru
Sif Muna
Uskayaw
Vehumet
Yredelemnul
Zin
The Shining One

Shops:
D:8 ?

Annotations:
D:4 exclusion: statue


Innate Abilities, Weirdness & Mutations

You have a pair of horns on your head.
You reflexively headbutt those who attack you in melee.


Message History

You feel sick.
An orc wizard appears from thin air!
Reactivating autopickup.
The orc wizard points at itself and mumbles some strange words.
The orc wizard flickers and vanishes!
Deactivating autopickup; reactivate with Ctrl-A.
You feel sick. You block the water moccasin's attack.
You feel sick.
You feel sick.
A gnoll comes into view. It is wielding a +0 club.
Found 5 gold pieces.
You feel sick.
The water moccasin bites you but does no damage.
A gnoll comes into view. It is wielding a +0 club.
A gnoll comes into view. It is wielding a +0 club.
You feel sick.
The gnoll shouts! x2; You hear a shout!
You hear a croak.
You feel sick.
You are no longer poisoned.
The water moccasin bites you but does no damage.
A gnoll comes into view. It is wielding a +0 whip.
The gnoll shouts!
Found a stone staircase leading down.
You block the water moccasin's attack.
Found a dagger.
Found 11 stones.
The water moccasin bites you!
* * * LOW HITPOINT WARNING * * *
The water moccasin bites you but does no damage.
As you read the scroll labelled LEISME TO FIT, it crumbles to dust.
A profound silence engulfs you.
It was a scroll of silence.
The water moccasin bites you but does no damage. x2
The water moccasin bites you but does no damage.
The gnoll hits you but does no damage. You block the gnoll's attack.
The water moccasin barely misses you. You block the gnoll's attack.
The gnoll hits you but does no damage. Something hits you.
* * * LOW HITPOINT WARNING * * *
The orc warrior hits you from afar with a +0 glaive!!
You die...
Your body crumbles into a pile of gold.

########## #........#
#........# #........#
########........#
#.........(gg...#
#..........lg...#
####..........o.S..#
....).........g.@### #
##....................
#
#...............##...
# ##..............#
#####......>.......#
.{..................
......$............##
#.................##
......#.........


You could see an orc warrior, a water moccasin, an iguana and 4 gnolls.

Vanquished Creatures
  A wyvern (D:8)
  A basilisk (D:8)
  Duvessa (D:5)
  2 water moccasins (D:8)
  3 sky beasts
  3 black bears (D:8)
  A necrophage (D:5)
  3 wolves (D:8)
  A kobold brigand (D:4)
  Blork the orc (D:5)
  A bullfrog (D:8)
  5 scorpions
  Dowan (D:5)
  A water moccasin skeleton (D:5)
  A howler monkey (D:8)
  A centaur zombie (D:5)
  4 hounds
  An orc priest (D:8)
  Ijyb (D:4)
  Jessica (D:2)
  A bullfrog skeleton (D:6)
  An iguana (D:4)
  4 orc wizards
  A hound skeleton (D:5)
  A gnoll (D:1)
  7 adders
  An ufetubus (D:5)
  An adder zombie (D:5)
  A worm (D:4)
  8 orcs
  6 endoplasms
  4 giant cockroaches
  8 goblins
  10 hobgoblins
  11 jackals
  4 quokkas
  4 ball pythons
  4 bats
  7 frilled lizards
  3 kobolds
  3 rats
124 creatures vanquished.

Vanquished Creatures (others)
  6 fungi (D:8)
  3 plants (D:8)
9 creatures vanquished.

Grand Total: 133 creatures vanquished

Notes
Turn   | Place    | Note
-------+----------+-------------------------------------------
     0 | D:1      | leviel the Minotaur Fighter began the quest for the Orb.
     0 | D:1      | Reached XP level 1. HP: 19/19 MP: 0/0
   198 | D:1      | Reached XP level 2. HP: 16/27 MP: 1/1
   438 | D:1      | Reached skill level 3 in Axes
   676 | D:1      | Reached XP level 3. HP: 33/33 MP: 2/2
   800 | D:1      | Found a faded altar of an unknown god.
  1534 | D:2      | Noticed Jessica
  1545 | D:2      | Killed Jessica
  1546 | D:2      | Reached XP level 4. HP: 27/40 MP: 3/3
  1794 | D:2      | Reached skill level 4 in Axes
  2707 | D:3      | Reached XP level 5. HP: 43/47 MP: 4/4
  3159 | D:4      | Reached skill level 5 in Axes
  3542 | D:4      | Reached XP level 6. HP: 55/55 MP: 5/5
  3601 | D:4      | Found a radiant altar of Vehumet.
  3663 | D:4      | Reached skill level 5 in Fighting
  3663 | D:4      | Reached skill level 5 in Armour
  3663 | D:4      | Reached skill level 5 in Shields
  3758 | D:4      | Noticed Ijyb
  3764 | D:4      | Killed Ijyb
  3841 | D:4      | Found a staircase to the Ecumenical Temple.
  3915 | Temple   | Entered the Ecumenical Temple
  3991 | Temple   | Became a worshipper of Gozag Ym Sagoz the Greedy
  4244 | D:5      | Entered Level 5 of the Dungeon
  4244 | D:5      | Found a snail-covered altar of Cheibriados.
  4245 | D:5      | Found an iron altar of Okawaru.
  4245 | D:5      | Found a glowing silver altar of Zin.
  4298 | D:5      | Noticed Duvessa
  4298 | D:5      | Noticed Dowan
  4329 | D:5      | Killed Duvessa
  4330 | D:5      | Reached skill level 6 in Axes
  4330 | D:5      | Reached XP level 7. HP: 32/61 MP: 6/6
  4332 | D:5      | Killed Dowan
  4959 | D:5      | Reached skill level 7 in Axes
  5204 | D:5      | Reached XP level 8. HP: 61/70 MP: 7/7
  5409 | D:5      | Found a sparkling altar of Nemelex Xobeh.
  5517 | D:5      | Noticed Blork the orc
  5523 | D:5      | Killed Blork the orc
  5590 | D:5      | Reached skill level 8 in Axes
  6310 | D:6      | You fall into a shaft and drop 2 floors!
  6310 | D:8      | Found a staircase to the Lair.
  6332 | D:8      | Reached skill level 9 in Axes
  6336 | D:8      | Reached XP level 9. HP: 25/79 MP: 8/8
  6635 | D:8      | Found Zatziek's Magic Scroll Boutique.
  6656 | D:8      | Reached skill level 10 in Axes
  6701 | D:8      | Slain by an orc warrior

Illustrated notes

Levels and vault maps discovered:
D:1:      erik_arrival_cave_to_civilisation [erik_arrival_cave_to_hall],
          layout_basic, shapermc_ecumenical_altar_venn, grunt_decor_clamped
D:2:      layout_loops_ring, uniq_jessica
D:3:      layout_basic, minmay_misc_feat_doors
D:4:      minmay_diamond_boxcup, layout_loops_cross, vehumet_statue,
          minmay_temple_entry_glassed_door, chequers_jeans, nrook_mini_vaults,
          uniq_ijyb
D:5:      layout_cave_pods, nicolae_overflow_crystal_walls,
          grunt_temple_overflow_open, uniq_duvessa, uniq_blork_the_orc
D:6:      layout_loops_corners, serial_shops, shop, minmay_misc_feat_plants,
          kennysheep_generic_room_3, uniq_edmund, uniq_grinder, uniq_maggie
D:8:      layout_rooms, trog_ov_bears_minmay, minmay_lair_entry_grove,
          serial_shops, shop, serial_bayou_pond_b
Temple:   nicolae_temple_x_marks_the_god

Skill      XL: |  1  2  3  4  5  6  7  8  9 |
---------------+----------------------------+-----
Axes           | 3 4 5 6 7 9 10 | 10.0
Fighting       | 4 5 6 7 |  7.7
Armour         | 4 5 6 7 |  7.8
Shields        | 4 5 6 7 |  7.8

Action                   |  1- 3 |  4- 6 |  7- 9 || total
-------------------------+-------+-------+-------++-------
Melee: War axe           |    83 |   118 |   130 ||   331
       Headbutt          |    12 |    12 |    19 ||    43
  Use: Scroll            |     1 |       |     1 ||     2
       Potion            |       |       |     2 ||     2
 Stab: Distracted        |       |       |     2 ||     2
Armor: Scale mail        |    45 |    50 |    77 ||   172
Dodge: Dodged            |    31 |    36 |    61 ||   128
Block: Kite shield       |    64 |    71 |    92 ||   227

Table legend: (Time is in decaauts)
 A = Elapsed time spent in this place.
 B = Non-inter-level travel time spent in this place.
 C = Inter-level travel time spent in this place.
 D = Time resting spent in this place.
 E = Time spent auto-exploring this place.
 F = Levels seen in this place.
 G = Mean time per level.
                   A        B        C        D        E       F      G
               +--------+--------+--------+--------+--------+-----+--------+
         Total |   6846 |   6622 |    224 |   1156 |   4551 |   8 |  855.8 |
       Dungeon |   6765 |   6542 |    223 |   1156 |   4487 |   7 |  966.4 |
        Temple |     80 |     80 |      0 |      0 |     64 |   1 |   80.0 |
               +--------+--------+--------+--------+--------+-----+--------+

Top non-repeatable levels by time:
     D:1: 1570 daAuts
     D:5: 1551 daAuts
     D:4: 1097 daAuts
     D:2: 924 daAuts
     D:3: 668 daAuts
     D:6: 552 daAuts
     D:8: 400 daAuts
  Temple: 80 daAuts
